Map: 2000 Atmospheres LE

Players

Eleven - Winner!

  • Race: Zerg Zerg
  • League: Master

LegolandMan

  • Race: Protoss Protoss
  • League: Platinum

VOD

Have the link to the VOD?

Description

Time

  • Played on: March 21, 2022, 6:14 a.m.
  • Length: 7:38
Show
View Real Time Build Order
Export as new Build Order

Eleven Zerg - Winner!

Build Orders: Hatch First 

Get SALT Encoding   

  12  0:02  Drone  
  13  0:12  Overlord  
  13  0:18  Drone  
  14  0:33  Drone x2  
  16  1:01  Drone x3  
  16  1:03  Hatchery  
  18  1:14  Extractor  
  17  1:19  Spawning Pool  
  17  1:20  Drone  
  17  1:24  Drone  
  18  1:35  Drone  
  19  1:57  Drone  
  19  1:58  Overlord  
  20  2:09  Queen  
  20  2:15  Queen  
  22  2:16  Zergling x4  
  26  2:23  Drone  
  26  2:25  Metabolic Boost  
  27  2:30  Drone x2  
  29  2:37  Drone  
  30  2:49  Overlord, Hatchery  
  29  2:51  Drone  
  29  2:55  Overlord  
  30  3:07  Queen  
  30  3:11  Drone x4  
  36  3:27  Overlord  
  36  3:28  Drone x4  
  40  3:43  Drone  
  40  3:44  Overlord x2, Drone  
  40  3:45  Drone  
  40  3:47  Queen  
  45  4:02  Drone x4  
  49  4:03  Lair, Extractor  
  49  4:06  Drone  
  49  4:07  Extractor  
  48  4:13  Spore Crawler x2  
  48  4:15  Queen  
  48  4:24  Drone x3  
  48  4:25  Spore Crawler  
  48  4:26  Drone  
  51  4:36  Drone x2  
  53  4:41  Drone x8  
  61  4:58  Drone  
  61  4:59  Drone x2  
  64  5:04  Hydralisk Den  
  63  5:13  Drone x4  
  67  5:14  Zergling x10  
  71  5:30  Overlord x2  
  71  5:31  Overlord x2  
  71  5:35  Grooved Spines  
  71  5:36  Overlord  
  71  5:37  Overlord  
  71  5:41  Extractor x2  
  69  5:51  Hydralisk x10  
  89  6:05  Hydralisk x2  
  89  6:07  Zergling x10  
  96  6:19  Hydralisk x3  
  96  6:20  Hydralisk  
  96  6:21  Zergling x2  
  96  6:22  Zergling x2  
  106  6:27  Hydralisk  
  106  6:30  Hydralisk x2  
  112  6:54  Evolution Chamber  
  112  6:55  Evolution Chamber, Drone x4  
  112  6:57  Infestation Pit  
  112  7:00  Drone  
  114  7:02  Extractor, Drone  
  114  7:03  Overlord x2  
  114  7:04  Overlord x2  
  114  7:12  Hatchery  
Show
View Real Time Build Order
Export as new Build Order

LegolandMan Protoss 

Build Orders: 1 Gate Expand, Oracle Opening 

Get SALT Encoding   

  12  0:00  Probe  
  13  0:12  Probe  
  14  0:19  Pylon  
  14  0:25  Probe  
  15  0:37  Probe (Chrono Boost)  
  15  0:40  Gateway  
  16  0:46  Assimilator  
  17  0:51  Probe (Chrono Boost)  
  17  1:06  Probe  
  18  1:27  Nexus  
  18  1:32  Probe  
  19  1:36  Cybernetics Core  
  19  1:45  Probe  
  20  1:48  Pylon  
  20  1:56  Assimilator  
  20  1:59  Probe  
  21  2:18  Probe  
  22  2:24  Stalker (Chrono Boost)  
  24  2:31  Probe  
  24  2:36  Stargate  
  25  2:43  Probe  
  26  2:55  Warp Gate  
  26  2:58  Probe x2 (Chrono Boost)  
  28  3:05  Adept  
  30  3:08  Probe x2 (Chrono Boost)  
  32  3:13  Probe (Chrono Boost)  
  33  3:21  Gateway  
  33  3:26  Oracle  
  36  3:29  Probe  
  36  3:30  Probe  
  38  3:35  Assimilator  
  38  3:37  Pylon  
  37  3:58  Stargate  
  37  3:59  Probe x2  
  39  4:03  Phoenix  
  41  4:11  Probe x2  
  43  4:17  Assimilator  
  43  4:23  Probe  
  44  4:55  Oracle x2 (Chrono Boost)  
  44  4:56  Probe x2  
  52  5:03  Twilight Council  
  52  5:08  Probe x2  
  54  5:27  Pylon  
  54  5:38  Nexus  
  54  5:40  Pylon, Charge  
  54  5:42  Pylon x2  
  54  5:45  Probe x2  
  54  5:48  Stargate, Oracle (Chrono Boost)  
  59  5:53  Zealot  
  59  5:54  Pylon  
  61  5:57  Probe  
  61  5:58  Probe  
  61  6:01  Pylon  
  63  6:04  Pylon  
  63  6:09  Probe  
  63  6:10  Probe  
  65  6:16  Zealot x2  
  65  6:18  Oracle (Chrono Boost)  
  69  6:19  Gateway  
  69  6:20  Gateway  
  69  6:21  Probe  
  69  6:22  Probe  
  74  6:28  Gateway  
  74  6:34  Oracle (Chrono Boost)  
  74  6:35  Oracle (Chrono Boost)  
  74  6:36  Probe x2  
  82  6:43  Forge  
  82  6:48  Zealot  
  82  6:52  Oracle  
  82  6:53  Shield Battery  
  87  6:54  Probe  
  87  6:58  Probe x2  
  90  7:05  Zealot  
  90  7:06  Probe  
  93  7:09  Zealot  
  95  7:19  Zealot x2  
  99  7:26  Zealot x2  
  73  7:30  Zealot  
Tags
 
Add a new tag
Caveats
  • Supply blocks, unpowered buildings, or Contaminate may cause inaccurate times.
  • Supply counts are checked every 10 seconds.